 Dungeon Sprint DCSS version 0.29.1-15-g9cfb28693d (webtiles) character file.

Game seed: 14312594375952481192

194641 Groucho the Invulnerable (level 17, -1/191 HPs)
             Began as a Minotaur Fighter on Apr 30, 2023.
             Was the Champion of Qazlal.
             Killed from afar by a hellion (27 damage)
             ... with damnation
             ... summoned by Asmodeus
             ... in the Dungeon (Sprint VII: "The Pits").
             The game lasted 00:37:12 (14538 turns).

Groucho the Invulnerable (Minotaur Fighter)        Turns: 14538, Time: 00:37:13

Health: -1/191     AC: 54    Str: 28    XL:     17   Next: 68%
Magic:  5/33       EV: 15    Int: 18    God:    Qazlal [******]
Gold:   168        SH: 42    Dex: 13    Spells: 16/16 levels left

rFire   + + +      SeeInvis .   l - +9 broad axe
rCold   + + .      Faith    .   X - +5 tower shield
rNeg    + + +      Spirit   .   W - +12 gold dragon scales
rPois   +          Reflect  +   (helmet restricted)
rElec   .          Harm     .   I - +2 cloak
rCorr   .          Rampage  .   E - +0 pair of gloves of the Abyss {Str+2 Int+3 Slay+2}
Will    +....      NoTele   +   H - +1 pair of boots
Stlth   ..........              M - amulet "Veler" {Reflect rN++ Int+4 SH+5}
HPRegen 0.41/turn               v - ring of Feollif {rPois rF+ rN+ Int+2 Slay+5}
MPRegen 0.23/turn               T - ring of Xom's Full Attention {+Blink rC+ AC+6 Int+4}

@: protected from fire, studying Translocations, repel missiles
A: horns 2, retaliatory headbutt
}: 1/3 runes: silver
a: Renounce Religion, Evoke Blink, Upheaval, Elemental Force, Disaster Area


You were in the Dungeon.
You worshipped Qazlal.
Qazlal was exalted by your worship.
You visited 1 branch You collected 168 gold pieces.

Inventory:

Hand Weapons
 c - a +3 demon whip
 l - a +9 broad axe (weapon)
Missiles
 b - 10 javelins (quivered)
 m - 35 stones
Armour
 E - the +0 pair of gloves of the Abyss (worn) {Str+2 Int+3 Slay+2}
   (You found it in the Dungeon)

   Str:       It affects your strength (+2).
   Int:       It affects your intelligence (+3).
   Slay:      It affects your accuracy & damage with ranged weapons and melee
   (+2).
 H - a +1 pair of boots (worn)
 I - a +2 cloak (worn)
 W - +12 gold dragon scales (worn)
 X - a +5 tower shield (worn)
 Y - a +2 hat
Jewellery
 a - the ring of Kusecok {Will+ Int+3}
   (You took it off a spriggan in the Dungeon)

   [ring of willpower]

   Int:       It affects your intelligence (+3).
   Will:      It increases your willpower.
 g - the ring of the Briny Deep {rElec rF+ rC++ Will-}
   (You found it in the Dungeon)

   [ring of protection from fire]

   rF:        It protects you from fire.
   rC:        It greatly protects you from cold.
   rElec:     It insulates you from electricity.
   Will:      It decreases your willpower.
 k - the ring of Fodouvolimn {Will+ Int+4}
   (You found it in the Dungeon)

   [ring of willpower]

   Int:       It affects your intelligence (+4).
   Will:      It increases your willpower.
 v - the ring of Feollif (left hand) {rPois rF+ rN+ Int+2 Slay+5}
   (You found it in the Dungeon)

   [ring of slaying]

   Int:       It affects your intelligence (+2).
   Slay:      It affects your accuracy & damage with ranged weapons and melee
   (+5).
   rF:        It protects you from fire.
   rPois:     It protects you from poison.
   rN:        It protects you from negative energy.
 D - the amulet of Vubip {Faith rC+ Int+4}
   (You found it in the Dungeon)

   [amulet of faith]

   It allows you to gain divine favour quickly.
   Int:       It affects your intelligence (+4).
   rC:        It protects you from cold.
 F - the amulet "Tatof" {Reflect rC- Slay+6 SH+5}
   (You found it in the Dungeon)

   [amulet of reflection]

   It reflects blocked missile attacks.
   Slay:      It affects your accuracy & damage with ranged weapons and melee
   (+6).
   rC:        It makes you vulnerable to cold.
   SH:        It affects your SH (+5).
 J - an amulet of the acrobat
 K - the ring "Veghyf" {rPois rC- rN++ Str+3 Dex+6}
   (You found it in the Dungeon)

   [ring of dexterity]

   Str:       It affects your strength (+3).
   Dex:       It affects your dexterity (+6).
   rC:        It makes you vulnerable to cold.
   rPois:     It protects you from poison.
   rN:        It greatly protects you from negative energy.
 L - the amulet of Fedhas, Shimmering {+Blink rF+ Regen+}
   (You found it in the Dungeon)

   [amulet of regeneration]

   rF:        It protects you from fire.
   +Blink:    It lets you blink.
   Regen:     It increases your rate of health regeneration.
 M - the amulet "Veler" (around neck) {Reflect rN++ Int+4 SH+5}
   (You found it in the Dungeon)

   [amulet of reflection]

   It reflects blocked missile attacks.
   Int:       It affects your intelligence (+4).
   rN:        It greatly protects you from negative energy.
   SH:        It affects your SH (+5).
 N - the amulet "Heewkocs" {-Cast +Inv Regen+ Str+6}
   (You found it in the Dungeon)

   [amulet of regeneration]

   Str:       It affects your strength (+6).
   +Inv:      It lets you turn invisible.
   -Cast:     It prevents spellcasting.
   Regen:     It increases your rate of health regeneration.
 O - the amulet "Dibbowijo" {*Slow rN+ Regen+ SInv Stlth+}
   (You found it in the Dungeon)

   [amulet of regeneration]

   rN:        It protects you from negative energy.
   SInv:      It lets you see invisible.
   Regen:     It increases your rate of health regeneration.
   *Slow:     It may slow you when you take damage.
   Stlth:     It makes you more stealthy.
 P - the amulet of Deyshriti {Spirit Will+}
   (You found it in the Dungeon)

   [amulet of guardian spirit]

   It causes incoming damage to be divided between your reserves of health and
   magic.
   Will:      It increases your willpower.
 Q - the amulet "Coypedgha" {Reflect rF+ rC+ Str-5 Int+5 SH+5}
   (You found it in the Dungeon)

   [amulet of reflection]

   It reflects blocked missile attacks.
   Str:       It affects your strength (-5).
   Int:       It affects your intelligence (+5).
   rF:        It protects you from fire.
   rC:        It protects you from cold.
   SH:        It affects your SH (+5).
 R - the ring of Myuwuf {rF+ Str+4 Dex+6}
   (You found it in the Dungeon)

   [ring of dexterity]

   Str:       It affects your strength (+4).
   Dex:       It affects your dexterity (+6).
   rF:        It protects you from fire.
 S - the ring "Deub" {rElec rCorr Str+4 SInv}
   (You found it in the Dungeon)

   [ring of see invisible]

   Str:       It affects your strength (+4).
   rElec:     It insulates you from electricity.
   SInv:      It lets you see invisible.
   rCorr:     It protects you from acid and corrosion.
 T - the ring of Xom's Full Attention (right hand) {+Blink rC+ AC+6 Int+4}
   (You found it in the Dungeon)

   [ring of protection]

   AC:        It affects your AC (+6).
   Int:       It affects your intelligence (+4).
   rC:        It protects you from cold.
   +Blink:    It lets you blink.
 U - the ring of Udufof {rPois rF+ Str+2}
   (You found it in the Dungeon)

   [ring of protection from fire]

   Str:       It affects your strength (+2).
   rF:        It protects you from fire.
   rPois:     It protects you from poison.
Wands
 q - a wand of mindburst (3)
Scrolls
 n - 6 scrolls of amnesia
 o - a scroll of summoning
 p - 2 scrolls of brand weapon
 x - a scroll of poison
 y - 4 scrolls of fear
 z - 7 scrolls of identify
 A - 6 scrolls of enchant weapon
 B - 2 scrolls of enchant armour
 C - a scroll of butterflies
 G - a scroll of silence
Potions
 d - 4 potions of might
 e - 15 potions of curing
 h - 7 potions of magic
 i - 3 potions of berserk rage
 j - 5 potions of haste
 r - 3 potions of resistance
 s - 7 potions of mutation
 t - 5 potions of brilliance
Miscellaneous
 u - the horn of Geryon


   Skills:
 O Level 27 Fighting
 O Level 27 Axes
 + Level 10.1 Throwing
 O Level 27 Armour
 + Level 19.4 Dodging
 O Level 27 Shields
 + Level 19.4 Unarmed Combat
 O Level 27 Invocations
 + Level 7.3 Evocations


You had 16 spell levels left.
You didn't know any spells.
Your spell library contained the following spells:

 Spells                   Type           Power      Damage    Failure   Level
 Apportation              Tloc           0%         N/A       77%         1
 Beastly Appendage        Tmut           0%         N/A       77%         1
 Necrotise                Necr           0%         1d4       77%         1
 Sandblast                Erth           0%         2d4       77%         1
 Summon Small Mammal      Summ           0%         N/A       77%         1
 Ensorcelled Hibernation  Hex/Ice        0%         N/A       88%         2
 Passwall                 Tmut/Erth      0%         N/A       88%         2
 Static Discharge         Conj/Air       0%         3-3/arc   88%         2
 Wereblood                Tmut           0%         N/A       88%         2
 Conjure Flame            Conj/Fire      0%         6-21      98%         3
 Frozen Ramparts          Ice            0%         1d1       98%         3
 Gell's Gravitas          Tloc           0%         N/A       98%         3
 Ignite Poison            Fire/Tmut/Pois 0%         N/A       98%         3
 Mephitic Cloud           Conj/Pois/Air  0%         N/A       98%         3
 Ozocubu's Armour         Ice            0%         N/A       98%         3
 Spider Form              Tmut/Pois      0%         N/A       98%         3
 Stone Arrow              Conj/Erth      0%         3d7       98%         3
 Swiftness                Air            0%         N/A       98%         3
 Teleport Other           Tloc           0%         N/A       98%         3
 Airstrike                Air            0%         2d(0-16)  100%        4
 Anguish                  Hex/Necr       0%         N/A       100%        4
 Animate Armour           Summ/Erth      0%         N/A       100%        4
 Animate Dead             Necr           0%         N/A       100%        4
 Cause Fear               Hex            0%         N/A       100%        4
 Dispel Undead            Necr           0%         3d6       100%        4
 Hailstorm                Conj/Ice       0%         3d3       100%        4
 Ice Form                 Ice/Tmut       0%         N/A       100%        4
 Leda's Liquefaction      Hex/Erth       0%         N/A       100%        4
 Olgreb's Toxic Radiance  Pois           0%         N/A       100%        4
 Passage of Golubria      Tloc           0%         N/A       100%        4
 Sticky Flame             Conj/Fire      0%         2d3       100%        4
 Summon Ice Beast         Ice/Summ       0%         N/A       100%        4
 Summon Lightning Spire   Summ/Air       0%         N/A       100%        4
 Blade Hands              Tmut           0%         N/A       100%        5
 Freezing Cloud           Conj/Ice/Air   0%         6-21      100%        5
 Irradiate                Conj/Tmut      0%         3d11      100%        5
 Lee's Rapid Deconstruct  Erth           0%         3d5*      100%        5
 Lightning Bolt           Conj/Air       0%         1d11      100%        5
 Summon Forest            Summ/Tloc      0%         N/A       100%        5
 Dispersal                Tloc           0%         N/A       100%        6
 Eringya's Noxious Bog    Tmut/Pois      0%         N/A       100%        6
 Simulacrum               Ice/Necr       0%         N/A       100%        6
 Dragon Form              Tmut           0%         N/A       100%        7
 Enfeeble                 Hex            0%         N/A       100%        7
 Haunt                    Necr/Summ      0%         N/A       100%        7
 Malign Gateway           Summ/Tloc      0%         N/A       100%        7
 Ozocubu's Refrigeration  Ice            0%         4d7       100%        7
 Summon Hydra             Summ           0%         N/A       100%        7
 Ignition                 Fire           0%         3d3       100%        8
 Infestation              Necr           0%         N/A       100%        8
 Lehudib's Crystal Spear  Conj/Erth      0%         10d2      100%        8
 Maxwell's Capacitive Co  Air            0%         ∞         100%        8
 Chain Lightning          Conj/Air       0%         N/A       100%        9
 Dragon's Call            Summ           0%         N/A       100%        9
 Polar Vortex             Ice            0%         N/A       100%        9


Dungeon Overview and Level Annotations

Branches:
Dungeon (1/1)

Altars:
Ashenzari
Cheibriados
Dithmenos
Elyvilon
Fedhas
Gozag
Hepliaklqana
Kikubaaqudgha
Makhleb
Nemelex Xobeh
Okawaru
Qazlal
Ru
Sif Muna
Trog
Uskayaw
Vehumet
Wu Jian
Xom
Yredelemnul
Zin
The Shining One
Jiyva
Lugonu

Annotations:
D Asmodeus


Innate Abilities, Weirdness & Mutations

You have a pair of horns on your head.
You reflexively headbutt those who attack you in melee.


Message History

The blast of rubble hits the balrug!!
The balrug is heavily wounded.
The balrug disappears in a puff of smoke!
Asmodeus gestures at you. The bolt of fire hits you. You resist.
You feel more protected from fire. You block the hellion's attack.
Unknown command.
Unknown command.
Unknown command.
You hit Asmodeus.
Asmodeus is almost dead.
You slice the hellion!! Asmodeus gestures at you.
The sphere of damnation explodes!
The damnation engulfs you!!
The damnation engulfs Asmodeus.
Asmodeus completely resists.
The damnation engulfs the hellion.
The hellion completely resists.
You block the hellion's attack.
Unknown command.
Unknown command.
You slice Asmodeus!! You headbutt Asmodeus!!
Asmodeus is almost dead.
You slice the hellion!!
You kill the hellion!
The hellion disappears in a puff of smoke!
The hellion gestures at you.
The sphere of damnation explodes!
The damnation engulfs you!!
* * * LOW HITPOINT WARNING * * *
The damnation engulfs Asmodeus.
Asmodeus completely resists.
Unknown command.
Unknown command.
Unknown command.
Okay, then.
You closely miss Asmodeus.
You headbutt Asmodeus, but do no damage.
Asmodeus is almost dead.
You block Asmodeus's attack. The hellion gestures at you.
The sphere of damnation explodes!
The damnation engulfs you!!
You die...

+# ##. ###########
.1 #.#.'.'.#.##+
#2####'#'#+#'#[#.##
#&#.#'.).+.'.'.)#'.
#@§.############.=
####.##)'.'.#.).###.
#.'####'###'###'#.#'
#'#.'#')[##.'#'.[#'.
#.###.###.###)###.##
##'.###.###.###.###.
#...'...'...'...'..
##'.##'.##..##'.##'.
#.###.###.###.###)##


You could see Asmodeus (clouds), a Brimstone Fiend (summoned) and a hellion
(summoned).

Vanquished Creatures
  the Royal Jelly (D)
  3 ancient liches (D)
  3 royal mummies (D)
  Frederick (D)
  Geryon (D)
  2 pandemonium lords (D)
  3 pearl dragons (D)
  2 Tzitzimimeh (D)
  2 bone dragons (D)
  2 electric golems (D)
  2 Brimstone Fiends (D)
  A tentacled monstrosity (D)
  An Ice Fiend (D)
  2 liches (D)
  A quicksilver dragon (D)
  2 deep elf blademasters (D)
  2 titans (D)
  Murray (D)
  4 acid blobs (D)
  An Executioner (D)
  2 sphinxes (D)
  A death cob (D)
  A storm dragon (D)
  Donald (D)
  2 draconian monks (D)
  A daeva (D)
  4 azure jellies (D)
  2 rockslimes (D)
  7 nagarajas (D)
  A fire giant (D)
  A deep elf sorcerer (D)
  An iron dragon (D)
  A balrug (D)
  2 ghost moths (D)
  Aizul (D)
  2 cacodemons (D)
  2 orc warlords (D)
  An emperor scorpion (D)
  4 quicksilver oozes (D)
  A draconian annihilator (D)
  A spriggan defender (D)
  4 ghouls (D)
  5 stone giants (D)
  A green draconian (D)
  An apis (D)
  A deep elf demonologist (D)
  A yellow draconian (D)
  2 red draconians (D)
  2 minotaurs (D)
  2 dire elephants (D)
  2 white draconians (D)
  2 deep elf annihilators (D)
  2 blizzard demons (D)
  2 eidola (D)
  A purple draconian (D)
  5 ettins (D)
  A fire dragon (D)
  2 deep elf death magi (D)
  2 green deaths (D)
  2 mummy priests (D)
  A deep elf high priest (D)
  A great orb of eyes (D)
  A yaktaur captain (D)
  3 ice dragons (D)
  An ogre mage (D)
  3 merfolk avatars (D)
  2 vault guards (D)
  2 catoblepae (D)
  An alligator snapping turtle (D)
  A merfolk aquamancer (D)
  An anaconda (D)
  A death knight (D)
  9 two-headed ogres (D)
  2 naga warriors (D)
  4 vampire magi (D)
  A spriggan (D)
  A death yak (D)
  3 sun demons (D)
  3 deep elf knights (D)
  3 hell knights (D)
  A fire crab (D)
  A sixfirhy (D)
  5 iron trolls (D)
  16 deep trolls (D)
  2 bog bodies (D)
  2 swamp dragons (D)
  A swamp dragon (shapeshifter) (D)
  A lindwurm (D)
  3 wizards (D)
  2 deep elf pyromancers (D)
  11 orc knights (D)
  3 necromancers (D)
  9 cyclopes (D)
  A wolf spider (D)
  A manticore (D)
  A merfolk siren (D)
  A naga mage (D)
  2 elephants (D)
  2 molten gargoyles (D)
  A demonic crawler (D)
  A hellion (D)
  3 rime drakes (D)
  A kobold demonologist (D)
  An efreet (D)
  A yaktaur (shapeshifter) (D)
  A tormentor (D)
  A hellwing (D)
  5 trolls (D)
  2 red devils (D)
  A polar bear (D)
  2 hornets (D)
  A merfolk (D)
  3 wind drakes (D)
  A tarantella (D)
  Prince Ribbit (D)
  A snapping turtle (D)
  5 dream sheep (D)
  3 blink frogs (D)
  An air elemental (D)
  A flying skull (D)
  A vampire (D)
  2 water elementals (D)
  2 yaks (D)
  2 wraiths (D)
  3 wyverns (D)
  A fire elemental (D)
  A chaos spawn (D)
  A basilisk (D)
  An acid dragon (D)
  2 ice beasts (D)
  An orc warrior (D)
  6 ogres (D)
  A centaur (D)
  14 wolves (D)
  3 kobold brigands (D)
  2 earth elementals (D)
  2 scorpions (D)
  5 wights (D)
  2 orc wizards (D)
  A hell rat (D)
  A mummy (D)
  2 adders (D)
  2 river rats (D)
  2 adder zombies (D)
  An adder skeleton (D)
  2 worms (D)
  6 orcs (D)
  A bat skeleton (D)
  An endoplasm (D)
  A hobgoblin (D)
  3 quokkas (D)
  A ball python simulacrum (D)
  A ball python zombie (D)
  2 frilled lizards (D)
  A giant cockroach zombie (D)
  A goblin (D)
  A jackal zombie (D)
  2 kobolds (D)
  2 quokka simulacra (D)
  A quokka zombie (D)
349 creatures vanquished.

Vanquished Creatures (others)
  An orc knight (D)
  2 deep elf pyromancers (D)
3 creatures vanquished.

Grand Total: 352 creatures vanquished

Notes
Turn   | Place    | Note
-------+----------+-------------------------------------------
     0 | D        | Groucho the Minotaur Fighter began the quest for the Orb.
     0 | D        | Reached XP level 1. HP: 19/19 MP: 0/0
    37 | D        | Found a glowing golden altar of the Shining One.
    37 | D        | Found a glowing silver altar of Zin.
    37 | D        | Found a basalt altar of Yredelemnul.
    37 | D        | Found a shimmering altar of Xom.
    37 | D        | Found an ornate altar of the Wu Jian Council.
    37 | D        | Found a bloodstained altar of Trog.
    37 | D        | Found a shimmering blue altar of Sif Muna.
    37 | D        | Found a sacrificial altar of Ru.
    37 | D        | Found a stormy altar of Qazlal.
    37 | D        | Found an iron altar of Okawaru.
    37 | D        | Found a sparkling altar of Nemelex Xobeh.
    37 | D        | Found a burning altar of Makhleb.
    37 | D        | Found a viscous altar of Jiyva.
    37 | D        | Found a hazy altar of Hepliaklqana.
    37 | D        | Found an opulent altar of Gozag.
    37 | D        | Found a blossoming altar of Fedhas.
    37 | D        | Found a white marble altar of Elyvilon.
    37 | D        | Found a shadowy altar of Dithmenos.
    37 | D        | Found a snail-covered altar of Cheibriados.
    38 | D        | Found a radiant altar of Vehumet.
    38 | D        | Found a corrupted altar of Lugonu.
    39 | D        | Found an ancient bone altar of Kikubaaqudgha.
    39 | D        | Found a hide-covered altar of Uskayaw.
    39 | D        | Found a broken altar of Ashenzari.
    42 | D        | Became a worshipper of Qazlal Stormbringer
    51 | D        | Noticed a scorpion
    54 | D        | Killed a scorpion
    55 | D        | Reached skill level 5 in Fighting
    55 | D        | Reached skill level 5 in Armour
    55 | D        | Reached skill level 5 in Shields
    55 | D        | Reached XP level 2. HP: 29/29 MP: 0/3
    55 | D        | Reached XP level 3. HP: 36/36 MP: 0/4
   116 | D        | Reached * piety under Qazlal
   127 | D        | Reached XP level 4. HP: 42/42 MP: 5/5
   129 | D        | Reached ** piety under Qazlal
   131 | D        | Reached skill level 5 in Axes
   305 | D        | Noticed an ice beast
   305 | D        | Noticed a flying skull
   305 | D        | Noticed a kobold brigand
   318 | D        | Killed an ice beast
   319 | D        | Reached XP level 5. HP: 32/52 MP: 3/7
   320 | D        | Killed a flying skull
   320 | D        | Reached *** piety under Qazlal
   321 | D        | Reached skill level 5 in Invocations
   321 | D        | Reached XP level 6. HP: 37/61 MP: 3/9
   329 | D        | Reached **** piety under Qazlal
   344 | D        | Noticed an ice beast
   349 | D        | Killed an ice beast
   350 | D        | Reached XP level 7. HP: 44/69 MP: 2/10
   351 | D        | Noticed a rime drake
   354 | D        | Killed a rime drake
   373 | D        | Reached ***** piety under Qazlal
   380 | D        | Reached skill level 10 in Armour
   385 | D        | Reached skill level 10 in Fighting
   385 | D        | Reached skill level 10 in Shields
   569 | D        | Noticed a snapping turtle
   570 | D        | Noticed a troll
   573 | D        | Killed a snapping turtle
   573 | D        | Killed a troll
   574 | D        | Reached skill level 10 in Axes
   574 | D        | Reached XP level 8. HP: 81/81 MP: 2/13
   727 | D        | Noticed a deep elf pyromancer
   731 | D        | Killed a deep elf pyromancer
   732 | D        | Reached XP level 9. HP: 89/89 MP: 1/14
  1057 | D        | Noticed a red devil
  1072 | D        | Killed a red devil
  1483 | D        | Noticed a deep elf pyromancer
  1484 | D        | Noticed a red devil
  1492 | D        | Killed a deep elf pyromancer
  1499 | D        | Killed a red devil
  1757 | D        | Noticed an efreet
  1764 | D        | Noticed a cyclops
  1768 | D        | Killed an efreet
  1769 | D        | Reached skill level 10 in Invocations
  1773 | D        | Killed a cyclops
  2234 | D        | Noticed Prince Ribbit
  2234 | D        | Noticed a lindwurm
  2236 | D        | Killed a lindwurm
  2237 | D        | Reached XP level 10. HP: 101/101 MP: 9/16
  2239 | D        | Killed Prince Ribbit
  3130 | D        | Noticed an elephant
  3140 | D        | Killed an elephant
  3704 | D        | Noticed a bog body
  3706 | D        | Noticed a swamp dragon
  3708 | D        | Killed a bog body
  3712 | D        | Killed a swamp dragon
  3956 | D        | Got Etevico's Vellum of Hoarfrost
  3962 | D        | Noticed a minotaur
  3962 | D        | Noticed an elephant
  3963 | D        | Noticed a fire crab
  3963 | D        | Noticed a manticore
  3964 | D        | Reached ****** piety under Qazlal
  3966 | D        | Killed a manticore
  3967 | D        | Reached XP level 11. HP: 97/111 MP: 1/19
  3971 | D        | Reached skill level 15 in Fighting
  3971 | D        | Reached skill level 15 in Armour
  3971 | D        | Reached skill level 15 in Shields
  3971 | D        | Killed a fire crab
  3973 | D        | Killed a minotaur
  3974 | D        | Reached skill level 15 in Axes
  4610 | D        | Noticed a vampire mage
  4634 | D        | Killed a vampire mage
  4990 | D        | Noticed a death knight
  4995 | D        | Killed a death knight
  5050 | D        | Paralysed by an air elemental for 1 turns
  5054 | D        | Noticed a two-headed ogre
  5057 | D        | Killed a two-headed ogre
  5333 | D        | Noticed a merfolk avatar
  5335 | D        | Noticed a merfolk avatar
  5337 | D        | Killed a merfolk avatar
  5341 | D        | Killed a merfolk avatar
  5742 | D        | Noticed an orc knight
  5742 | D        | Noticed an orc knight
  5742 | D        | Noticed an orc knight
  5742 | D        | Noticed an orc knight
  5743 | D        | Noticed an orc knight
  5743 | D        | Noticed an orc warlord
  5743 | D        | Noticed an orc warlord
  5743 | D        | Noticed an orc knight
  5743 | D        | Noticed a yaktaur captain
  5743 | D        | Noticed a death yak
  5743 | D        | Noticed a vault guard
  5744 | D        | Noticed an orc knight
  5744 | D        | Noticed an orc knight
  5744 | D        | Noticed an orc knight
  5744 | D        | Noticed a deep elf knight
  5744 | D        | Noticed an ice dragon
  5744 | D        | Noticed an emperor scorpion
  5744 | D        | Noticed an orc knight
  5744 | D        | Noticed a swamp dragon
  5745 | D        | Noticed a deep elf knight
  5745 | D        | Noticed an orc knight
  5746 | D        | Killed a swamp dragon
  5746 | D        | Killed an orc knight
  5746 | D        | Killed an orc knight
  5746 | D        | Killed an orc knight
  5746 | D        | Noticed a deep elf knight
  5746 | D        | Noticed a naga warrior
  5747 | D        | Reached XP level 12. HP: 92/125 MP: 12/21
  5747 | D        | Killed an orc warlord
  5747 | D        | Killed an orc warlord
  5747 | D        | Killed a vault guard
  5747 | D        | Killed a death yak
  5747 | D        | Killed a naga warrior
  5748 | D        | Reached skill level 15 in Invocations
  5751 | D        | Noticed a fire giant
  5756 | D        | Killed a yaktaur captain
  5757 | D        | Killed an ice dragon
  5757 | D        | Killed an emperor scorpion
  5758 | D        | Reached XP level 13. HP: 38/136 MP: 11/23
  5759 | D        | Killed a fire giant
  6307 | D        | Noticed a deep elf blademaster
  6322 | D        | Killed a deep elf blademaster
  6331 | D        | Found the +7 mace of Variability {chain chaos}
  6405 | D        | Got the +0 pair of gloves of the Abyss {Str+2 Int+3 Slay+2}
  6559 | D        | Noticed a nagaraja
  6564 | D        | Killed a nagaraja
  7054 | D        | Noticed a death cob
  7060 | D        | Noticed a bone dragon
  7063 | D        | Killed a death cob
  7072 | D        | Noticed an eidolon
  7105 | D        | Killed a bone dragon
  7112 | D        | Identified the ring of Kusecok {Will+ Int+3}
  7116 | D        | Killed an eidolon
  7137 | D        | Identified the +7 falchion of Zakawoh {speed, rPois rN+}
  7700 | D        | Noticed a bone dragon
  7700 | D        | Noticed a deep elf annihilator
  7700 | D        | Noticed a green draconian
  7706 | D        | Noticed a deep elf sorcerer
  7708 | D        | Killed a deep elf sorcerer
  7708 | D        | Killed a deep elf annihilator
  7708 | D        | Noticed a red draconian
  7712 | D        | Killed a bone dragon
  7713 | D        | Reached XP level 14. HP: 126/151 MP: 16/25
  7719 | D        | Killed a nagaraja
  8040 | D        | Noticed a nagaraja
  8044 | D        | Noticed a green draconian monk
  8045 | D        | Noticed a nagaraja
  8049 | D        | Killed a nagaraja
  8060 | D        | Killed a green draconian monk
  8060 | D        | Killed a nagaraja
  8731 | D        | Got the Discourse on the Map
  8733 | D        | Got the Omnibus of Hot Terrain
  8743 | D        | Got the Guidebook on the Floating Jaunt
  8760 | D        | Got the ring of Feollif {rPois rF+ rN+ Int+2 Slay+5}
  8766 | D        | Got the ring of the Briny Deep {rElec rF+ rC++ Will-}
  8768 | D        | Got the amulet of Vubip {Faith rC+ Int+4}
  8770 | D        | Got the amulet "Tatof" {Reflect rC- Slay+6 SH+5}
  8774 | D        | Got the ring "Veghyf" {rPois rC- rN++ Str+3 Dex+6}
  8776 | D        | Got the amulet of Fedhas, Shimmering {+Blink rF+ Regen+}
  8778 | D        | Got the amulet "Veler" {Reflect rN++ Int+4 SH+5}
  8785 | D        | Got the amulet "Heewkocs" {-Cast +Inv Regen+ Str+6}
  8787 | D        | Got the amulet "Dibbowijo" {*Slow rN+ Regen+ SInv Stlth+}
  8789 | D        | Got the amulet of Deyshriti {Spirit Will+}
  8791 | D        | Got the amulet "Coypedgha" {Reflect rF+ rC+ Str-5 Int+5
                  | SH+5}
  8793 | D        | Got the amulet "Geikk" {Spirit rC+ Dex+6}
  8798 | D        | Got the ring of Myuwuf {rF+ Str+4 Dex+6}
  8800 | D        | Got the ring "Xyixzov" {Will+ Str+6 Int-2 Stlth+}
  8803 | D        | Got the ring of the Hurtling Madman {Fire Str+4 Int-5}
  8806 | D        | Got the ring "Zial" {rElec rC+ Will++ Dex-2 Stlth+}
  8809 | D        | Got the ring "Cicsek" {*Slow rElec rC+ Str-4 Int+8 Stlth+}
  8812 | D        | Got the ring of Xidolyf {*Slow rPois rF+ Str+2 Int+3}
  8815 | D        | Got the ring of Bubo {rF- rN+ Will+ Slay+2}
  8818 | D        | Got the ring "Deub" {rElec rCorr Str+4 SInv}
  8820 | D        | Got the ring "Iginihey" {rElec rPois rF- rN+}
  8823 | D        | Got the ring of Apsomir {Wiz rN+}
  8826 | D        | Got the ring "Rotzeuss" {rN+ Int+5}
  8829 | D        | Got the ring of Xom's Full Attention {+Blink rC+ AC+6
                  | Int+4}
  8831 | D        | Got the ring of Udufof {rPois rF+ Str+2}
  8877 | D        | Noticed an Executioner
  8887 | D        | Killed an Executioner
  9096 | D        | Noticed Donald
  9098 | D        | Killed Donald
  9208 | D        | Noticed Aizul
  9216 | D        | Killed Aizul
  9227 | D        | Noticed a balrug
  9236 | D        | Killed a balrug
  9603 | D        | Noticed a sphinx
  9614 | D        | Killed a sphinx
  9615 | D        | Reached XP level 15. HP: 152/165 MP: 27/27
  9625 | D        | Noticed an acid blob
  9626 | D        | Noticed a nagaraja
  9632 | D        | Killed a nagaraja
  9633 | D        | Reached skill level 1 in Dodging
  9633 | D        | Reached skill level 1 in Unarmed Combat
  9634 | D        | Killed an acid blob
  9636 | D        | Noticed Murray
  9692 | D        | Killed Murray
 10178 | D        | Got the ring of Fodouvolimn {Will+ Int+4}
 10193 | D        | Noticed a nagaraja
 10197 | D        | Killed a nagaraja
 10198 | D        | Reached skill level 5 in Dodging
 10198 | D        | Reached skill level 5 in Unarmed Combat
 10332 | D        | Noticed a titan
 10334 | D        | Killed a titan
 10335 | D        | Reached XP level 16. HP: 162/177 MP: 12/30
 10340 | D        | Found the ring of the Octopus King {HP+2 MP+9 AC+2 EV+2
                  | SH+2}
 10395 | D        | Got a silver rune of Zot
 11010 | D        | Noticed a royal mummy
 11021 | D        | Killed a royal mummy
 11410 | D        | Noticed a storm dragon
 11410 | D        | Noticed the Royal Jelly
 11411 | D        | Noticed an acid blob
 11412 | D        | Noticed an acid blob
 11414 | D        | Reached skill level 27 in Armour
 11414 | D        | Reached skill level 10 in Dodging
 11414 | D        | Reached skill level 10 in Unarmed Combat
 11414 | D        | Killed an acid blob
 11416 | D        | Killed a storm dragon
 11416 | D        | Noticed an acid blob
 11417 | D        | Reached skill level 27 in Axes
 11418 | D        | Killed an acid blob
 11418 | D        | Killed the Royal Jelly
 11418 | D        | Killed an acid blob
 11567 | D        | Noticed a Tzitzimitl
 11577 | D        | Killed a Tzitzimitl
 11930 | D        | Noticed Lelumaa the pandemonium lord
 11939 | D        | Killed Lelumaa the pandemonium lord
 12053 | D        | Noticed a tentacled monstrosity
 12061 | D        | Killed a tentacled monstrosity
 12070 | D        | Noticed an Ice Fiend
 12076 | D        | Killed an Ice Fiend
 12079 | D        | Noticed a lich
 12084 | D        | Killed a lich
 12086 | D        | Noticed a Tzitzimitl
 12095 | D        | Killed a Tzitzimitl
 12552 | D        | Noticed an ancient lich
 12552 | D        | Noticed a titan
 12559 | D        | Killed a titan
 12564 | D        | Killed an ancient lich
 12737 | D        | Noticed a lich
 12742 | D        | Killed a lich
 12744 | D        | Noticed an electric golem
 12759 | D        | Killed an electric golem
 12768 | D        | Noticed Frederick
 12776 | D        | Killed Frederick
 12778 | D        | Reached skill level 27 in Fighting
 12778 | D        | Reached skill level 27 in Shields
 12778 | D        | Reached XP level 17. HP: 174/191 MP: 32/32
 12778 | D        | Noticed an electric golem
 12785 | D        | Killed an electric golem
 13031 | D        | Noticed a pearl dragon
 13039 | D        | Killed a pearl dragon
 13153 | D        | Noticed an ancient lich
 13160 | D        | Killed an ancient lich
 13161 | D        | Reached skill level 15 in Dodging
 13161 | D        | Reached skill level 15 in Unarmed Combat
 13162 | D        | Noticed a deep elf blademaster
 13167 | D        | Killed a deep elf blademaster
 13173 | D        | Noticed a royal mummy
 13173 | D        | Noticed a pearl dragon
 13174 | D        | Reached skill level 27 in Invocations
 13182 | D        | Killed a royal mummy
 13188 | D        | Killed a pearl dragon
 13609 | D        | Noticed an ancient lich
 13619 | D        | Killed an ancient lich
 13622 | D        | Noticed Geryon
 13646 | D        | Killed Geryon
 13647 | D        | Reached skill level 5 in Throwing
 13665 | D        | Noticed a pearl dragon
 13672 | D        | Killed a pearl dragon
 13966 | D        | Noticed a royal mummy
 13974 | D        | Killed a royal mummy
 13975 | D        | Noticed a quicksilver dragon
 13985 | D        | Killed a quicksilver dragon
 13991 | D        | Noticed a Brimstone Fiend
 13999 | D        | Killed a Brimstone Fiend
 14456 | D        | Reached skill level 5 in Evocations
 14464 | D        | Noticed a Brimstone Fiend
 14469 | D        | Killed a Brimstone Fiend
 14473 | D        | Noticed Ozauq the pandemonium lord
 14473 | D        | Found the +7 sceptre of Asmodeus
 14473 | D        | Noticed Asmodeus
 14510 | D        | Killed Ozauq the pandemonium lord
 14511 | D        | Reached skill level 10 in Throwing
 14535 | D        | Noticed a Brimstone Fiend
 14538 | D        | Killed from afar by a hellion

Illustrated notes

Levels and vault maps discovered:
D:        pitsprint [storerooms_1, entrance_room_1, metal_vault_1, armoury_3,
          mini_pit_1, grid_room_1, main_hall_1, silver_pit, the_coven_2,
          the_vestibule_1, steel_vault_4, golden_pit, hallway_of_sentries,
          crystal_vault_4, iron_vault_3, final_vault]

Skill      XL: |  1  2  3  4  5  6  7  8  9 10 11 12 13 14 15 16 17 |
---------------+----------------------------------------------------+-----
Fighting       | 5 7 8 10 11 13 14 17 18 21 23 24 27 | 27.0
Axes           | 4 6 7 8 10 11 12 14 16 18 21 23 25 27 | 27.0
Armour         | 5 7 8 10 11 13 14 17 18 21 23 26 27 | 27.0
Shields        | 5 7 8 10 11 13 14 17 18 21 23 24 27 | 27.0
Invocations    | 2 3 4 5 6 8 9 10 12 14 15 17 19 22 25 27 | 27.0
Dodging        | 8 13 19 | 19.4
Unarmed Combat | 8 13 19 | 19.4
Throwing       | 10 | 10.1
Evocations     | 7 |  7.3

Action                   |  1- 3 |  4- 6 |  7- 9 | 10-12 | 13-15 | 16-18 || total
-------------------------+-------+-------+-------+-------+-------+-------++-------
Melee: Hand axe          |    10 |    32 |    25 |       |       |       ||    67
       War axe           |     1 |       |       |       |       |       ||     1
       Headbutt          |     2 |     5 |     8 |    10 |    85 |   100 ||   210
       Broad axe         |       |       |    23 |    61 |   316 |   330 ||   730
Invok: Upheaval          |       |     2 |    15 |    29 |    24 |    26 ||    96
       Disaster Area     |       |       |       |     6 |     8 |       ||    14
  Use: Potion            |     1 |     3 |     2 |    10 |    10 |     6 ||    32
       Scroll            |       |       |       |     1 |     1 |     6 ||     8
 Stab: Invisible         |       |     5 |     3 |     2 |       |       ||    10
       Petrified         |       |       |       |       |    20 |       ||    20
       Petrifying        |       |       |       |       |     1 |       ||     1
Armor: Scale mail        |     3 |     9 |       |       |       |       ||    12
       Chain mail        |       |       |     9 |    58 |     2 |       ||    69
       Plate armour      |       |       |       |       |   114 |     3 ||   117
       Gold dragon scale |       |       |       |       |       |    87 ||    87
Dodge: Dodged            |     4 |     6 |     6 |    25 |    46 |    45 ||   132
       Repelled          |       |       |       |     1 |     2 |     4 ||     7
Block: Buckler           |     2 |    10 |    24 |    75 |     1 |       ||   112
       Tower shield      |       |       |       |       |   378 |   368 ||   746
       Kite shield       |       |       |       |       |    23 |       ||    23
       Reflection        |       |       |       |       |     4 |       ||     4
